Oilers vs Flyers

Created - 15 février 2018 at 18:10

Goals
1 2 3 T
Oilers 1 3 1 5
Flyers 1 1 1 3
Shots
1 2 3 T
Oilers 7 18 9 34
Flyers 11 12 11 34

1st period

1. Oilers , Nico Hischier 5 (Sonny Milano 11, Pierre-Alexandre Parenteau 13) at 17:07
2. Flyers , Leon Draisaitl 19 (Vincent Trocheck 22) at 19:25

Penalties :
Corey Perry (EDM) for Holding (Minor) at 10:33

2nd period

3. Oilers , Sonny Milano 5 (Kyle Quincey 8, Pierre-Alexandre Parenteau 14) at 4:21
4. Flyers , P.K. Subban 5 (Leon Draisaitl 16, Patrick Kane 27) at 7:33 (PP)
5. Oilers , Justin Abdelkader 17 (Jordan Eberle 21, Mikael Backlund 30) at 7:49
6. Oilers , Ryan Johansen 25 (Connor McDavid 23) at 15:46

Penalties :
Kyle Quincey (EDM) for Holding Stick (Minor) at 6:55

3rd period

7. Flyers , Casey Cizikas 10 (Calle Jarnkrok 5) at 5:54
8. Oilers , Vernon Fiddler 3 (Cameron Gaunce 3, Tyler Motte 6) at 9:07

Penalties :
Justin Faulk (PHI) for Holding (Minor) at 9:10, Vince Dunn (EDM) for Boarding (Minor) at 13:55

Goalie Stats

Maxime Lagace (EDM), 31 saves from 34 shots - (0,912), W, 1-0-0, 60:00 minutes
Tristan Jarry (PHI), 15 saves from 16 shots - (0,938), 24:14 minutes
Matt Murray (PHI), 14 saves from 18 shots - (0,778), L, 25-14-2, 35:46 minutes

Players Stats for Oilers

Player Name              G  A  P  +/- PIM S  H  SB GA TA FO     MP     PP MP  PK MP  
------------------------------------------------------------------------------------
Aaron Ekblad             0  0  0   2  0   0  0  3  1  0  0/0    21:23   0:51   2:07 
Cameron Gaunce           0  1  1   1  0   0  1  0  0  0  0/0    10:37   0:00   0:00 
Chris Kelly              0  0  0   1  0   0  0  0  0  0  0/0     2:02   0:00   0:00 
Connor McDavid           0  1  1  -1  0   5  2  1  2  1  2/7    25:34   1:02   3:15 
Corey Perry              0  0  0   0  2   2  0  0  0  0  0/1    19:13   1:02   0:28 
Jordan Eberle            0  1  1   1  0   3  0  1  1  0  0/0    18:04   0:57   0:00 
Justin Abdelkader        1  0  1   1  0   3  1  1  0  0  0/1    18:04   0:57   0:00 
Kyle Quincey             0  1  1   2  2   1  0  0  0  1  0/0    21:22   0:51   2:07 
Marco Scandella          0  0  0   0  0   0  3  5  0  0  0/0    27:58   1:08   2:29 
Mikael Backlund          0  1  1   1  0   4  0  0  1  1  5/12   19:14   0:57   1:07 
Nico Hischier            1  0  1   2  0   4  0  0  0  0  2/3    12:59   0:00   0:00 
Pierre-Alexandre Parente 0  2  2   2  0   2  1  0  0  1  0/2    14:16   0:00   0:53 
Ryan Johansen            1  0  1   0  0   5  1  1  0  1  19/33  22:21   1:02   3:17 
Sonny Milano             1  1  2   2  0   2  0  0  0  0  0/0    12:35   0:00   0:00 
Tyler Motte              0  1  1   0  0   1  0  0  0  0  0/0     5:26   0:00   0:12 
Vernon Fiddler           1  0  1   0  0   1  0  1  0  0  1/2     5:14   0:00   0:00 
Vince Dunn               0  0  0   1  2   0  1  0  0  1  0/0    12:07   1:08   0:00 
Zbynek Michalek          0  0  0   0  0   1  2  2  0  1  0/0    26:52   0:00   2:29 

Players Stats for Flyers

Player Name              G  A  P  +/- PIM S  H  SB GA TA FO     MP     PP MP  PK MP  
------------------------------------------------------------------------------------
Brandon Carlo            0  0  0  -1  0   2  0  2  0  0  0/0    19:03   0:00   1:07 
Brendan Perlini          0  0  0   0  0   0  0  1  1  0  0/1     6:57   0:00   0:00 
Calle Jarnkrok           0  1  1   0  0   3  1  1  0  0  0/1    14:29   0:00   0:37 
Casey Cizikas            1  0  1   0  0   3  1  0  0  1  7/15   14:54   0:00   0:52 
Charlie Coyle            0  0  0   0  0   1  1  0  2  0  0/0    13:46   0:00   0:00 
Darnell Nurse            0  0  0   0  0   0  0  0  0  0  0/0    15:46   0:00   0:35 
Elias Lindholm           0  0  0  -2  0   4  2  0  1  0  0/1    18:20   1:46   1:09 
Evgeni Malkin            0  0  0  -1  0   2  1  0  0  0  17/30  19:57   2:50   0:00 
Filip Forsberg           0  0  0  -1  0   3  0  0  1  0  0/1    19:57   2:50   0:00 
Ivan Barbashev           0  0  0   0  0   0  0  0  0  0  0/1     6:57   0:00   0:00 
Justin Faulk             0  0  0  -1  2   0  0  0  0  2  0/0    20:07   1:32   0:00 
Leon Draisaitl           1  1  2  -2  0   4  0  0  0  0  1/1    17:41   1:46   0:42 
Michael Matheson         0  0  0   0  0   1  1  1  0  1  0/0    17:51   1:32   0:28 
P.K. Subban              1  0  1  -2  0   2  6  1  0  0  0/0    24:02   3:04   1:20 
Patrick Kane             0  1  1  -1  0   2  0  0  1  1  0/0    19:54   2:50   0:00 
TJ Brodie                0  0  0  -2  0   2  1  1  0  0  0/0    23:26   3:04   0:28 
Travis Konecny           0  0  0   0  0   0  3  0  0  0  0/0     7:26   0:00   0:10 
Vincent Trocheck         0  1  1  -2  0   5  1  1  1  0  7/10   17:27   1:46   0:28 

3 Stars

1 - Sonny Milano (EDM)
2 - Pierre-Alexandre Parenteau (EDM)
3 - Nico Hischier (EDM)

Power Play

Oilers - 0 on 1 Attempt(s) - 0,00%
Flyers - 1 on 3 Attempt(s) - 33,33%

Penalty Kill

Oilers - 2 on 3 Attempt(s) - 66,67% - Score 0 goal in Penalty Kill
Flyers - 1 on 1 Attempt(s) - 100,00% - Score 0 goal in Penalty Kill

Team Stat

Oilers - Hits : 12 - Faceoff Wins : 29 - Blocked Shots : 15 - Penalty Minutes : 6
Flyers - Hits : 18 - Faceoff Wins : 32 - Blocked Shots : 8 - Penalty Minutes : 2

Official

Referees : Tim Peel and Rob Martell
Linesman : Brad Lazarowich and Steve Miller

Game Notes

Tristan Jarry enters game at 15:46 of 2nd period

Finance

Level 1 -- Attendance: 5938 (98,97%) -- Ticket Income 564 110 $
Level 2 -- Attendance: 5000 (100,00%) -- Ticket Income 270 000 $
Level 3 -- Attendance: 1816 (90,80%) -- Ticket Income 59 928 $
Level 4 -- Attendance: 3721 (93,03%) -- Ticket Income 81 862 $
Luxury Box -- Attendance: 905 (90,50%) -- Ticket Income 149 325 $
Game was played at the Spectrum.
Total Attendance: 17380 (96,56%)
Total Ticket Income: 1 125 225 $
Other Income: 551 360 $
Total Income: 1 676 585 $

Oilers

5 vs 5 Forward 
   Center                   Left Wing                Right Wing               Time % Phy DF OF 
 1 Ryan Johansen            Connor McDavid           Corey Perry              40     1   2  2  
 2 Mikael Backlund          Justin Abdelkader        Jordan Eberle            30     1   2  2  
 3 Nico Hischier            Pierre-Alexandre ParenteaSonny Milano             20     1   2  2  
 4 Vernon Fiddler           Tyler Motte              Connor McDavid           10     1   2  2  

5 vs 5 Defense 
   Defense                  Defense                                           Time % Phy DF OF 
 1 Marco Scandella          Zbynek Michalek                                   40     1   2  2  
 2 Aaron Ekblad             Kyle Quincey                                      30     1   2  2  
 3 Marco Scandella          Zbynek Michalek                                   20     1   2  2  
 4 Vince Dunn               Cameron Gaunce                                    10     1   2  2  

PowerPlay Forward 
   Center                   Left Wing                Right Wing               Time % Phy DF OF 
 1 Ryan Johansen            Connor McDavid           Corey Perry              60     1   2  2  
 2 Mikael Backlund          Justin Abdelkader        Jordan Eberle            40     1   2  2  

PowerPlay Defense
   Defense                  Defense                                           Time % Phy DF OF 
 1 Marco Scandella          Vince Dunn                                        60     1   2  2  
 2 Aaron Ekblad             Kyle Quincey                                      40     1   2  2  

Penalty Kill 4 Players Forward 
   Center                   Wing                     Time % Phy DF OF 
 1 Connor McDavid           Ryan Johansen            60     1   2  2  
 2 Mikael Backlund          Corey Perry              40     1   2  2  

Penalty Kill 4 Players Defense
   Defense                  Defense                  Time % Phy DF OF 
 1 Zbynek Michalek          Marco Scandella          60     1   2  2  
 2 Aaron Ekblad             Kyle Quincey             40     1   2  2  

Penalty Kill - 3 Players Forward 
   Forward                                           Time % Phy DF OF 
 1 Connor McDavid                                    60     1   2  2  
 2 Ryan Johansen                                     40     1   2  2  

Penalty Kill - 3 Players Defense
   Defense                  Defense                  Time % Phy DF OF 
 1 Zbynek Michalek          Vince Dunn               60     1   2  2  
 2 Aaron Ekblad             Kyle Quincey             40     1   2  2  

4 vs 4 Forward 
   Center                   Wing                     Time % Phy DF OF 
 1 Connor McDavid           Ryan Johansen            60     1   2  2  
 2 Mikael Backlund          Corey Perry              40     1   2  2  

4 vs 4 Defense
   Defense                  Defense                  Time % Phy DF OF 
 1 Marco Scandella          Zbynek Michalek          60     1   2  2  
 2 Aaron Ekblad             Kyle Quincey             40     1   2  2  

Last Minutes Offensive
   Center                   Left Wing                Right Wing               Defense                  Defense                  
   Ryan Johansen            Connor McDavid           Corey Perry              Aaron Ekblad             Kyle Quincey             

Last Minutes Defensive
   Center                   Left Wing                Right Wing               Defense                  Defense                  
   Ryan Johansen            Connor McDavid           Corey Perry              Aaron Ekblad             Kyle Quincey             

Goaltenders
Starting : Maxime Lagace            
Backup : Thomas Greiss            

Extra Forwards
Normal : Chris Kelly, Nico Hischier, Pierre-Alexandre Parenteau - PP : Chris Kelly, Nico Hischier - PK : Pierre-Alexandre Parenteau
Extra Defensemen
Normal : Marco Scandella, Zbynek Michalek, Vince Dunn - PP : Marco Scandella - PK : Zbynek Michalek, Vince Dunn
Penalty Shots
Connor McDavid, Ryan Johansen, Mikael Backlund, Corey Perry, Jordan Eberle
Custom OT Lines Forwards
Connor McDavid, Ryan Johansen, Mikael Backlund, Corey Perry, Jordan Eberle, Justin Abdelkader, Nico Hischier, Pierre-Alexandre Parenteau, Vernon Fiddler, Sonny Milano
Custom OT Lines Defensemen
Zbynek Michalek, Vince Dunn, Aaron Ekblad, Kyle Quincey, Marco Scandella

Scratches
Seth Jones (Healthy), Marc-Edouard Vlasic (Healthy), Antti Niemi (Healthy)

Flyers

5 vs 5 Forward 
   Center                   Left Wing                Right Wing               Time % Phy DF OF 
 1 Evgeni Malkin            Patrick Kane             Filip Forsberg           33     0   3  2  
 2 Vincent Trocheck         Leon Draisaitl           Elias Lindholm           30     0   1  4  
 3 Casey Cizikas            Calle Jarnkrok           Charlie Coyle            27     0   3  2  
 4 Ivan Barbashev           Brendan Perlini          Travis Konecny           10     0   4  1  

5 vs 5 Defense 
   Defense                  Defense                                           Time % Phy DF OF 
 1 P.K. Subban              TJ Brodie                                         37     0   4  1  
 2 Justin Faulk             Brandon Carlo                                     34     0   4  1  
 3 Darnell Nurse            Michael Matheson                                  29     0   4  1  
 4 P.K. Subban              Michael Matheson                                  0      1   2  2  

PowerPlay Forward 
   Center                   Left Wing                Right Wing               Time % Phy DF OF 
 1 Evgeni Malkin            Patrick Kane             Filip Forsberg           60     0   0  5  
 2 Vincent Trocheck         Leon Draisaitl           Elias Lindholm           40     0   0  5  

PowerPlay Defense
   Defense                  Defense                                           Time % Phy DF OF 
 1 P.K. Subban              TJ Brodie                                         60     0   1  4  
 2 Justin Faulk             Michael Matheson                                  40     0   1  4  

Penalty Kill 4 Players Forward 
   Center                   Wing                     Time % Phy DF OF 
 1 Elias Lindholm           Casey Cizikas            60     0   5  0  
 2 Vincent Trocheck         Calle Jarnkrok           40     0   5  0  

Penalty Kill 4 Players Defense
   Defense                  Defense                  Time % Phy DF OF 
 1 Justin Faulk             Brandon Carlo            60     0   5  0  
 2 TJ Brodie                Michael Matheson         40     0   5  0  

Penalty Kill - 3 Players Forward 
   Forward                                           Time % Phy DF OF 
 1 Casey Cizikas                                     60     0   5  0  
 2 Calle Jarnkrok                                    40     0   5  0  

Penalty Kill - 3 Players Defense
   Defense                  Defense                  Time % Phy DF OF 
 1 Justin Faulk             Brandon Carlo            60     0   5  0  
 2 TJ Brodie                Michael Matheson         40     0   5  0  

4 vs 4 Forward 
   Center                   Wing                     Time % Phy DF OF 
 1 Evgeni Malkin            Patrick Kane             60     0   4  1  
 2 Vincent Trocheck         Leon Draisaitl           40     0   4  1  

4 vs 4 Defense
   Defense                  Defense                  Time % Phy DF OF 
 1 P.K. Subban              TJ Brodie                60     0   4  1  
 2 Justin Faulk             Brandon Carlo            40     0   4  1  

Last Minutes Offensive
   Center                   Left Wing                Right Wing               Defense                  Defense                  
   Evgeni Malkin            Patrick Kane             Vincent Trocheck         P.K. Subban              Justin Faulk             

Last Minutes Defensive
   Center                   Left Wing                Right Wing               Defense                  Defense                  
   Elias Lindholm           Filip Forsberg           Vincent Trocheck         P.K. Subban              Brandon Carlo            

Goaltenders
Starting : Matt Murray              
Backup : Tristan Jarry            

Extra Forwards
Normal : Elias Lindholm, Calle Jarnkrok, Travis Konecny - PP : Charlie Coyle, Calle Jarnkrok - PK : Calle Jarnkrok
Extra Defensemen
Normal : Michael Matheson, Darnell Nurse, Justin Faulk - PP : Darnell Nurse - PK : P.K. Subban, Justin Faulk
Penalty Shots
Evgeni Malkin, Patrick Kane, Vincent Trocheck, Leon Draisaitl, Filip Forsberg
Custom OT Lines Forwards
Evgeni Malkin, Patrick Kane, Vincent Trocheck, Leon Draisaitl, Filip Forsberg, Elias Lindholm, Calle Jarnkrok, Charlie Coyle, Brendan Perlini, Travis Konecny
Custom OT Lines Defensemen
P.K. Subban, TJ Brodie, Justin Faulk, Michael Matheson, Brandon Carlo

Scratches
Artturi Lehkonen (Healthy), Borna Rendulic (Healthy)

% Time on Ice - Oilers

Lines # - Real PCT - Wanted PCT - Time Play
Normal Forward
1 - 35% - 40% - 18:26
2 - 32% - 30% - 17:10
3 - 24% - 20% - 12:35
4 - 10% - 10% - 5:14
Normal Defense
1 - 32% - 40% - 17:21
2 - 34% - 30% - 18:25
3 - 13% - 20% - 7:02
4 - 20% - 10% - 10:37
PP Forward
1 - 52% - 60% - 1:02
2 - 48% - 40% - 0:57
PP Defense
1 - 57% - 60% - 1:08
2 - 43% - 40% - 0:51
PK Forward
1 - 76% - 60% - 3:29
2 - 24% - 40% - 1:07
PK Defense
1 - 54% - 60% - 2:29
2 - 46% - 40% - 2:07
PK3 Forward
1 - 0% - 60%
2 - 0% - 40%
PK3 Defense
1 - 0% - 60%
2 - 0% - 40%
44 Forward
1 - 0% - 60%
2 - 0% - 40%
44 Defense
1 - 0% - 60%
2 - 0% - 40%
Last Minute Offensive  - 0:00
Last Minute Defensive  - 0:00
Total
Forward - 60:00
Defense - 60:00

% Time on Ice - Flyers

Lines # - Real PCT - Wanted PCT - Time Play
Normal Forward
1 - 33% - 33% - 17:29
2 - 28% - 30% - 15:13
3 - 26% - 27% - 13:46
4 - 13% - 10% - 6:57
Normal Defense
1 - 37% - 37% - 19:38
2 - 35% - 34% - 18:36
3 - 28% - 29% - 15:11
4 - 0% - 0% - 0:00
PP Forward
1 - 62% - 60% - 2:50
2 - 38% - 40% - 1:46
PP Defense
1 - 67% - 60% - 3:04
2 - 33% - 40% - 1:32
PK Forward
1 - 76% - 60% - 1:31
2 - 24% - 40% - 0:28
PK Defense
1 - 76% - 60% - 1:31
2 - 24% - 40% - 0:28
PK3 Forward
1 - 0% - 60%
2 - 0% - 40%
PK3 Defense
1 - 0% - 60%
2 - 0% - 40%
44 Forward
1 - 0% - 60%
2 - 0% - 40%
44 Defense
1 - 0% - 60%
2 - 0% - 40%
Last Minute Offensive  - 0:00
Last Minute Defensive  - 0:00
Total
Forward - 60:00
Defense - 60:00

Play by Play

1st period


0:01 of 1st period - Evgeni Malkin wins face-off versus Ryan Johansen in neutral zone.
0:26 of 1st period - Jordan Eberle is hit by TJ Brodie and loses puck.
1:00 of 1st period - Wrist shot by Pierre-Alexandre Parenteau.
1:00 of 1st period - Shot Misses the Net.
1:09 of 1st period - Off-side.
1:10 of 1st period - Vernon Fiddler wins face-off versus Brendan Perlini in neutral zone.
1:39 of 1st period - Slapshot by Mikael Backlund.
1:39 of 1st period - Shot Misses the Net.
2:44 of 1st period - Wrist shot by Jordan Eberle.
2:44 of 1st period - Shot Blocked by Brendan Perlini.
3:29 of 1st period - Wrist shot by Vincent Trocheck.
3:29 of 1st period - Stopped by Maxime Lagace with a rebound.
3:31 of 1st period - Snap shot by Elias Lindholm.
3:31 of 1st period - Deflect By Vincent Trocheck.
3:31 of 1st period - Shot Misses the Net.
3:31 of 1st period - Puck is out of play.
3:32 of 1st period - Casey Cizikas wins face-off versus Mikael Backlund in Oilers zone.
4:16 of 1st period - Slapshot by Nico Hischier.
4:16 of 1st period - Shot Blocked by Brandon Carlo.
4:41 of 1st period - Travis Konecny is hit by Cameron Gaunce.
5:15 of 1st period - Elias Lindholm is hit by Vince Dunn and loses puck.
5:22 of 1st period - Wrist shot by Mikael Backlund.
5:22 of 1st period - Stopped by Matt Murray with a rebound.
5:24 of 1st period - Snap shot by Mikael Backlund.
5:24 of 1st period - Stopped by Matt Murray without a rebound.
5:25 of 1st period - Ryan Johansen wins face-off versus Casey Cizikas in Flyers zone.
5:26 of 1st period - Snap shot by Connor McDavid.
5:26 of 1st period - Stopped by Matt Murray with a rebound.
5:58 of 1st period - Slapshot by Patrick Kane.
5:58 of 1st period - Deflect By Evgeni Malkin.
5:58 of 1st period - Stopped by Maxime Lagace without a rebound.
5:59 of 1st period - Ryan Johansen wins face-off versus Evgeni Malkin in Oilers zone.
6:01 of 1st period - Icing by Connor McDavid.
6:02 of 1st period - Ryan Johansen wins face-off versus Evgeni Malkin in Oilers zone.
6:17 of 1st period - Snap shot by Evgeni Malkin.
6:17 of 1st period - Shot Misses the Net.
6:19 of 1st period - Wrist shot by Patrick Kane.
6:19 of 1st period - Shot Blocked by Connor McDavid.
6:31 of 1st period - Snap shot by Connor McDavid.
6:31 of 1st period - Shot Misses the Net.
6:33 of 1st period - Snap shot by Aaron Ekblad.
6:33 of 1st period - Shot Misses the Net.
6:35 of 1st period - Slapshot by Kyle Quincey.
6:35 of 1st period - Stopped by Matt Murray without a rebound.
6:36 of 1st period - Vincent Trocheck wins face-off versus Mikael Backlund in Flyers zone.
6:56 of 1st period - Icing by Zbynek Michalek.
6:57 of 1st period - Evgeni Malkin wins face-off versus Mikael Backlund in Oilers zone.
7:45 of 1st period - Snap shot by Elias Lindholm.
7:45 of 1st period - Deflect By Marco Scandella.
7:45 of 1st period - Stopped by Maxime Lagace with a rebound.
7:47 of 1st period - Slapshot by Vincent Trocheck.
7:47 of 1st period - Stopped by Maxime Lagace with a rebound.
8:05 of 1st period - Snap shot by Travis Konecny.
8:05 of 1st period - Shot Misses the Net.
8:07 of 1st period - Slapshot by Michael Matheson.
8:07 of 1st period - Shot Misses the Net.
8:09 of 1st period - Snap shot by Michael Matheson.
8:09 of 1st period - Shot Blocked by Marco Scandella.
8:11 of 1st period - Slapshot by Michael Matheson.
8:11 of 1st period - Stopped by Maxime Lagace with a rebound.
9:22 of 1st period - Justin Abdelkader is hit by Travis Konecny and loses puck.
9:44 of 1st period - Wrist shot by Patrick Kane.
9:44 of 1st period - Shot Misses the Net.
9:46 of 1st period - Wrist shot by Patrick Kane.
9:46 of 1st period - Shot Blocked by Vernon Fiddler.
10:33 of 1st period - Minor Penalty to Corey Perry for Holding.
10:34 of 1st period - Connor McDavid wins face-off versus Evgeni Malkin in Oilers zone.
10:44 of 1st period - Wrist shot by Patrick Kane.
10:44 of 1st period - Deflect By Ryan Johansen.
10:44 of 1st period - Shot Blocked by Ryan Johansen.
10:44 of 1st period - Puck is out of play.
10:45 of 1st period - Evgeni Malkin wins face-off versus Connor McDavid in Oilers zone.
10:56 of 1st period - Wrist shot by Evgeni Malkin.
10:56 of 1st period - Shot Misses the Net.
11:38 of 1st period - Slapshot by Leon Draisaitl.
11:38 of 1st period - Stopped by Maxime Lagace with a rebound.
11:40 of 1st period - Slapshot by TJ Brodie.
11:40 of 1st period - Stopped by Maxime Lagace without a rebound.
11:41 of 1st period - Connor McDavid wins face-off versus Evgeni Malkin in Oilers zone.
12:33 of 1st period - Penalty to Corey Perry is over, Corey Perry is back on ice.
12:35 of 1st period - Off-side.
12:36 of 1st period - Casey Cizikas wins face-off versus Pierre-Alexandre Parenteau in neutral zone.
13:01 of 1st period - Leon Draisaitl is hit by Marco Scandella.
13:21 of 1st period - Snap shot by Connor McDavid.
13:21 of 1st period - Shot Misses the Net.
14:31 of 1st period - Ryan Johansen is hit by P.K. Subban and loses puck.
14:52 of 1st period - Charlie Coyle is hit by Ryan Johansen and loses puck.
16:10 of 1st period - Marco Scandella is hit by P.K. Subban and loses puck.
16:38 of 1st period - Mikael Backlund is hit by Travis Konecny and loses puck.
17:07 of 1st period - Slapshot by Nico Hischier.
17:07 of 1st period - Goal by Nico Hischier - Oilers : 1 - Flyers : 0.
17:08 of 1st period - Evgeni Malkin wins face-off versus Ryan Johansen in neutral zone.
17:21 of 1st period - Wrist shot by Connor McDavid.
17:21 of 1st period - Shot Misses the Net.
17:23 of 1st period - Snap shot by Corey Perry.
17:23 of 1st period - Stopped by Matt Murray with a rebound.
17:35 of 1st period - Aaron Ekblad is hit by Vincent Trocheck and loses puck.
18:01 of 1st period - Icing by Casey Cizikas.
18:02 of 1st period - Casey Cizikas wins face-off versus Ryan Johansen in Flyers zone.
18:07 of 1st period - Snap shot by P.K. Subban.
18:07 of 1st period - Shot Blocked by Zbynek Michalek.
18:09 of 1st period - Slapshot by Casey Cizikas.
18:09 of 1st period - Shot Misses the Net.
18:11 of 1st period - Slapshot by P.K. Subban.
18:11 of 1st period - Shot Blocked by Marco Scandella.
18:13 of 1st period - Backhand shot by Calle Jarnkrok.
18:13 of 1st period - Stopped by Maxime Lagace without a rebound.
18:14 of 1st period - Evgeni Malkin wins face-off versus Ryan Johansen in Oilers zone.
18:26 of 1st period - Slapshot by Ryan Johansen.
18:26 of 1st period - Shot Misses the Net.
19:15 of 1st period - Snap shot by Mikael Backlund.
19:15 of 1st period - Deflect By Jordan Eberle.
19:15 of 1st period - Stopped by Matt Murray without a rebound.
19:16 of 1st period - Vincent Trocheck wins face-off versus Ryan Johansen in Flyers zone.
19:25 of 1st period - Slapshot by Leon Draisaitl.
19:25 of 1st period - Goal by Leon Draisaitl - Oilers : 1 - Flyers : 1.
19:26 of 1st period - Vincent Trocheck wins face-off versus Connor McDavid in neutral zone.
19:41 of 1st period - Wrist shot by Elias Lindholm.
19:41 of 1st period - Stopped by Maxime Lagace with a rebound.
19:43 of 1st period - Wrist shot by Leon Draisaitl.
19:43 of 1st period - Stopped by Maxime Lagace with a rebound.
19:53 of 1st period - Charlie Coyle is hit by Justin Abdelkader and loses puck.
Goals for this period are 1 for Oilers vs 1 for Flyers.
Shots for this period are 7 for Oilers vs 11 for Flyers.

2nd period


0:01 of 2nd period - Ryan Johansen wins face-off versus Evgeni Malkin in neutral zone.
2:14 of 2nd period - Wrist shot by Casey Cizikas.
2:14 of 2nd period - Stopped by Maxime Lagace with a rebound.
3:01 of 2nd period - Snap shot by Vincent Trocheck.
3:01 of 2nd period - Shot Misses the Net.
3:03 of 2nd period - Snap shot by Michael Matheson.
3:03 of 2nd period - Shot Misses the Net.
3:19 of 2nd period - Snap shot by Nico Hischier.
3:19 of 2nd period - Deflect By Pierre-Alexandre Parenteau.
3:19 of 2nd period - Shot Blocked by TJ Brodie.
3:19 of 2nd period - Puck is out of play.
3:20 of 2nd period - Nico Hischier wins face-off versus Calle Jarnkrok in Flyers zone.
3:23 of 2nd period - Backhand shot by Pierre-Alexandre Parenteau.
3:23 of 2nd period - Deflect By Nico Hischier.
3:23 of 2nd period - Shot Blocked by P.K. Subban.
3:23 of 2nd period - Puck is out of play.
3:24 of 2nd period - Nico Hischier wins face-off versus Evgeni Malkin in Flyers zone.
3:58 of 2nd period - P.K. Subban is hit by Pierre-Alexandre Parenteau and loses puck.
4:11 of 2nd period - Wrist shot by Nico Hischier.
4:11 of 2nd period - Stopped by Matt Murray with a rebound.
4:13 of 2nd period - Slapshot by Nico Hischier.
4:13 of 2nd period - Stopped by Matt Murray with a rebound.
4:17 of 2nd period - Slapshot by Pierre-Alexandre Parenteau.
4:17 of 2nd period - Stopped by Matt Murray with a rebound.
4:19 of 2nd period - Slapshot by Kyle Quincey.
4:19 of 2nd period - Shot Misses the Net.
4:21 of 2nd period - Snap shot by Sonny Milano.
4:21 of 2nd period - Goal by Sonny Milano - Oilers : 2 - Flyers : 1.
4:22 of 2nd period - Ryan Johansen wins face-off versus Evgeni Malkin in neutral zone.
4:31 of 2nd period - Slapshot by Filip Forsberg.
4:31 of 2nd period - Stopped by Maxime Lagace with a rebound.
4:48 of 2nd period - Icing by Marco Scandella.
4:49 of 2nd period - Ryan Johansen wins face-off versus Casey Cizikas in Oilers zone.
5:18 of 2nd period - Slapshot by Patrick Kane.
5:18 of 2nd period - Shot Blocked by Marco Scandella.
5:48 of 2nd period - Snap shot by Connor McDavid.
5:48 of 2nd period - Stopped by Matt Murray without a rebound.
5:49 of 2nd period - Mikael Backlund wins face-off versus Casey Cizikas in Flyers zone.
6:14 of 2nd period - Kyle Quincey is hit by Elias Lindholm and loses puck.
6:47 of 2nd period - Wrist shot by Brendan Perlini.
6:47 of 2nd period - Shot Misses the Net.
6:49 of 2nd period - Snap shot by Darnell Nurse.
6:49 of 2nd period - Shot Blocked by Jordan Eberle.
6:55 of 2nd period - Minor Penalty to Kyle Quincey for Holding Stick.
6:56 of 2nd period - Evgeni Malkin wins face-off versus Connor McDavid in Oilers zone.
7:29 of 2nd period - Wrist shot by Leon Draisaitl.
7:29 of 2nd period - Shot Blocked by Zbynek Michalek.
7:31 of 2nd period - Snap shot by P.K. Subban.
7:31 of 2nd period - Stopped by Maxime Lagace with a rebound.
7:33 of 2nd period - Slapshot by P.K. Subban.
7:33 of 2nd period - Deflect By Ryan Johansen.
7:33 of 2nd period - Goal by P.K. Subban - Oilers : 2 - Flyers : 2.
7:34 of 2nd period - Evgeni Malkin wins face-off versus Mikael Backlund in neutral zone.
7:47 of 2nd period - Snap shot by Jordan Eberle.
7:47 of 2nd period - Stopped by Matt Murray with a rebound.
7:49 of 2nd period - Snap shot by Justin Abdelkader.
7:49 of 2nd period - Goal by Justin Abdelkader - Oilers : 3 - Flyers : 2.
7:50 of 2nd period - Ryan Johansen wins face-off versus Casey Cizikas in neutral zone.
7:55 of 2nd period - Slapshot by Connor McDavid.
7:55 of 2nd period - Stopped by Matt Murray without a rebound.
7:56 of 2nd period - Casey Cizikas wins face-off versus Ryan Johansen in Flyers zone.
8:07 of 2nd period - Slapshot by Charlie Coyle.
8:07 of 2nd period - Deflect By Calle Jarnkrok.
8:07 of 2nd period - Stopped by Maxime Lagace without a rebound.
8:08 of 2nd period - Ryan Johansen wins face-off versus Evgeni Malkin in Oilers zone.
8:10 of 2nd period - Icing by Connor McDavid.
8:11 of 2nd period - Evgeni Malkin wins face-off versus Ryan Johansen in Oilers zone.
8:26 of 2nd period - Wrist shot by Connor McDavid.
8:26 of 2nd period - Shot Misses the Net.
8:28 of 2nd period - Slapshot by Zbynek Michalek.
8:28 of 2nd period - Deflect By Justin Faulk.
8:28 of 2nd period - Stopped by Matt Murray without a rebound.
8:29 of 2nd period - Vincent Trocheck wins face-off versus Justin Abdelkader in Flyers zone.
8:46 of 2nd period - Zbynek Michalek is hit by P.K. Subban and loses puck.
9:01 of 2nd period - Wrist shot by Filip Forsberg.
9:01 of 2nd period - Stopped by Maxime Lagace with a rebound.
9:28 of 2nd period - Wrist shot by Charlie Coyle.
9:28 of 2nd period - Shot Misses the Net.
9:30 of 2nd period - Snap shot by Charlie Coyle.
9:30 of 2nd period - Deflect By Casey Cizikas.
9:30 of 2nd period - Shot Misses the Net.
9:30 of 2nd period - Puck is out of play.
9:31 of 2nd period - Ryan Johansen wins face-off versus Vincent Trocheck in Oilers zone.
9:42 of 2nd period - Wrist shot by Connor McDavid.
9:42 of 2nd period - Deflect By Corey Perry.
9:42 of 2nd period - Stopped by Matt Murray without a rebound.
9:43 of 2nd period - Ryan Johansen wins face-off versus Casey Cizikas in Flyers zone.
9:44 of 2nd period - Snap shot by Connor McDavid.
9:44 of 2nd period - Deflect By Corey Perry.
9:44 of 2nd period - Shot Misses the Net.
9:44 of 2nd period - Puck is out of play.
9:45 of 2nd period - Casey Cizikas wins face-off versus Ryan Johansen in Flyers zone.
10:14 of 2nd period - Slapshot by Nico Hischier.
10:14 of 2nd period - Shot Misses the Net.
11:32 of 2nd period - Mikael Backlund is hit by Michael Matheson and loses puck.
12:15 of 2nd period - Aaron Ekblad is hit by P.K. Subban and loses puck.
13:24 of 2nd period - Travis Konecny is hit by Connor McDavid and loses puck.
13:51 of 2nd period - Charlie Coyle is hit by Marco Scandella.
14:16 of 2nd period - Snap shot by Elias Lindholm.
14:16 of 2nd period - Stopped by Maxime Lagace with a rebound.
14:18 of 2nd period - Snap shot by Vincent Trocheck.
14:18 of 2nd period - Shot Blocked by Marco Scandella.
15:05 of 2nd period - Mikael Backlund is hit by Travis Konecny and loses puck.
15:30 of 2nd period - Tyler Motte is hit by Calle Jarnkrok and loses puck.
15:38 of 2nd period - Icing by Kyle Quincey.
15:39 of 2nd period - Ryan Johansen wins face-off versus Vincent Trocheck in Oilers zone.
15:44 of 2nd period - Slapshot by Ryan Johansen.
15:44 of 2nd period - Shot Misses the Net.
15:46 of 2nd period - Snap shot by Ryan Johansen.
15:46 of 2nd period - Goal by Ryan Johansen - Oilers : 4 - Flyers : 2.
15:46 of 2nd period - Tristan Jarry enters game.
15:47 of 2nd period - Evgeni Malkin wins face-off versus Ryan Johansen in neutral zone.
15:50 of 2nd period - Snap shot by Filip Forsberg.
15:50 of 2nd period - Stopped by Maxime Lagace without a rebound.
15:51 of 2nd period - Evgeni Malkin wins face-off versus Ryan Johansen in Oilers zone.
15:52 of 2nd period - Snap shot by Patrick Kane.
15:52 of 2nd period - Shot Misses the Net.
16:08 of 2nd period - Off-side.
16:09 of 2nd period - Vincent Trocheck wins face-off versus Mikael Backlund in neutral zone.
17:26 of 2nd period - Snap shot by Jordan Eberle.
17:26 of 2nd period - Stopped by Tristan Jarry with a rebound.
17:28 of 2nd period - Wrist shot by Justin Abdelkader.
17:28 of 2nd period - Stopped by Tristan Jarry without a rebound.
17:29 of 2nd period - Ryan Johansen wins face-off versus Evgeni Malkin in Flyers zone.
17:32 of 2nd period - Snap shot by Ryan Johansen.
17:32 of 2nd period - Deflect By Connor McDavid.
17:32 of 2nd period - Shot Hit the Post.
17:32 of 2nd period - Puck is out of play.
17:33 of 2nd period - Ryan Johansen wins face-off versus Filip Forsberg in Flyers zone.
17:50 of 2nd period - Snap shot by Patrick Kane.
17:50 of 2nd period - Stopped by Maxime Lagace without a rebound.
17:51 of 2nd period - Leon Draisaitl wins face-off versus Mikael Backlund in Oilers zone.
17:54 of 2nd period - Slapshot by Vincent Trocheck.
17:54 of 2nd period - Stopped by Maxime Lagace with a rebound.
18:04 of 2nd period - Slapshot by Vincent Trocheck.
18:04 of 2nd period - Shot Misses the Net.
18:28 of 2nd period - Wrist shot by Nico Hischier.
18:28 of 2nd period - Stopped by Tristan Jarry without a rebound.
18:29 of 2nd period - Ryan Johansen wins face-off versus Evgeni Malkin in Flyers zone.
18:44 of 2nd period - Slapshot by Evgeni Malkin.
18:44 of 2nd period - Stopped by Maxime Lagace without a rebound.
18:45 of 2nd period - Casey Cizikas wins face-off versus Corey Perry in Oilers zone.
18:57 of 2nd period - Snap shot by Charlie Coyle.
18:57 of 2nd period - Stopped by Maxime Lagace with a rebound.
19:18 of 2nd period - Backhand shot by Ryan Johansen.
19:18 of 2nd period - Shot Misses the Net.
19:20 of 2nd period - Snap shot by Ryan Johansen.
19:20 of 2nd period - Stopped by Tristan Jarry with a rebound.
19:22 of 2nd period - Slapshot by Kyle Quincey.
19:22 of 2nd period - Shot Misses the Net.
19:24 of 2nd period - Snap shot by Ryan Johansen.
19:24 of 2nd period - Shot Blocked by Brandon Carlo.
19:26 of 2nd period - Slapshot by Kyle Quincey.
19:26 of 2nd period - Shot Blocked by Vincent Trocheck.
19:28 of 2nd period - Snap shot by Ryan Johansen.
19:28 of 2nd period - Stopped by Tristan Jarry with a rebound.
19:30 of 2nd period - Snap shot by Ryan Johansen.
19:30 of 2nd period - Stopped by Tristan Jarry with a rebound.
19:58 of 2nd period - Wrist shot by Connor McDavid.
19:58 of 2nd period - Stopped by Tristan Jarry with a rebound.
Goals for this period are 3 for Oilers vs 1 for Flyers.
Shots for this period are 18 for Oilers vs 12 for Flyers.

3rd period


0:01 of 3rd period - Evgeni Malkin wins face-off versus Ryan Johansen in neutral zone.
0:11 of 3rd period - Slapshot by Connor McDavid.
0:11 of 3rd period - Stopped by Tristan Jarry without a rebound.
0:12 of 3rd period - Ryan Johansen wins face-off versus Casey Cizikas in Flyers zone.
0:42 of 3rd period - Snap shot by Mikael Backlund.
0:42 of 3rd period - Stopped by Tristan Jarry without a rebound.
0:43 of 3rd period - Ryan Johansen wins face-off versus Evgeni Malkin in Flyers zone.
0:58 of 3rd period - Slapshot by Patrick Kane.
0:58 of 3rd period - Stopped by Maxime Lagace with a rebound.
1:14 of 3rd period - Snap shot by Mikael Backlund.
1:14 of 3rd period - Deflect By Justin Abdelkader.
1:14 of 3rd period - Deflect By TJ Brodie.
1:14 of 3rd period - Stopped by Tristan Jarry with a rebound.
1:23 of 3rd period - Icing by Charlie Coyle.
1:24 of 3rd period - Ryan Johansen wins face-off versus Casey Cizikas in Flyers zone.
1:36 of 3rd period - Casey Cizikas is hit by Zbynek Michalek and loses puck.
1:48 of 3rd period - Off-side.
1:49 of 3rd period - Mikael Backlund wins face-off versus Evgeni Malkin in neutral zone.
1:52 of 3rd period - Backhand shot by Aaron Ekblad.
1:52 of 3rd period - Shot Misses the Net.
1:54 of 3rd period - Wrist shot by Mikael Backlund.
1:54 of 3rd period - Shot Blocked by Michael Matheson.
1:56 of 3rd period - Snap shot by Jordan Eberle.
1:56 of 3rd period - Shot Misses the Net.
2:45 of 3rd period - Snap shot by Nico Hischier.
2:45 of 3rd period - Shot Misses the Net.
2:52 of 3rd period - Icing by Calle Jarnkrok.
2:53 of 3rd period - Mikael Backlund wins face-off versus Ivan Barbashev in Flyers zone.
3:40 of 3rd period - Wrist shot by Pierre-Alexandre Parenteau.
3:40 of 3rd period - Shot Hit the Post.
4:02 of 3rd period - Slapshot by Casey Cizikas.
4:02 of 3rd period - Shot Blocked by Marco Scandella.
4:04 of 3rd period - Slapshot by Brandon Carlo.
4:04 of 3rd period - Stopped by Maxime Lagace without a rebound.
4:05 of 3rd period - Mikael Backlund wins face-off versus Casey Cizikas in Oilers zone.
4:53 of 3rd period - Pierre-Alexandre Parenteau is hit by P.K. Subban and loses puck.
5:00 of 3rd period - Off-side.
5:01 of 3rd period - Evgeni Malkin wins face-off versus Ryan Johansen in neutral zone.
5:28 of 3rd period - Aaron Ekblad is hit by Elias Lindholm and loses puck.
5:54 of 3rd period - Wrist shot by Casey Cizikas.
5:54 of 3rd period - Goal by Casey Cizikas - Oilers : 4 - Flyers : 3.
5:55 of 3rd period - Ryan Johansen wins face-off versus Evgeni Malkin in neutral zone.
6:08 of 3rd period - Wrist shot by Evgeni Malkin.
6:08 of 3rd period - Shot Misses the Net.
6:10 of 3rd period - Slapshot by TJ Brodie.
6:10 of 3rd period - Stopped by Maxime Lagace without a rebound.
6:11 of 3rd period - Vincent Trocheck wins face-off versus Mikael Backlund in Oilers zone.
6:20 of 3rd period - Snap shot by Vincent Trocheck.
6:20 of 3rd period - Stopped by Maxime Lagace with a rebound.
6:22 of 3rd period - Wrist shot by Leon Draisaitl.
6:22 of 3rd period - Deflect By Elias Lindholm.
6:22 of 3rd period - Stopped by Maxime Lagace with a rebound.
6:24 of 3rd period - Wrist shot by Elias Lindholm.
6:24 of 3rd period - Shot Blocked by Justin Abdelkader.
6:26 of 3rd period - Wrist shot by Vincent Trocheck.
6:26 of 3rd period - Stopped by Maxime Lagace with a rebound.
6:28 of 3rd period - Slapshot by Michael Matheson.
6:28 of 3rd period - Deflect By Leon Draisaitl.
6:28 of 3rd period - Stopped by Maxime Lagace with a rebound.
6:38 of 3rd period - Mikael Backlund is hit by Charlie Coyle and loses puck.
9:03 of 3rd period - Wrist shot by Tyler Motte.
9:03 of 3rd period - Stopped by Tristan Jarry with a rebound.
9:05 of 3rd period - Slapshot by Cameron Gaunce.
9:05 of 3rd period - Shot Blocked by Calle Jarnkrok.
9:07 of 3rd period - Wrist shot by Vernon Fiddler.
9:07 of 3rd period - Goal by Vernon Fiddler - Oilers : 5 - Flyers : 3.
9:08 of 3rd period - Evgeni Malkin wins face-off versus Ryan Johansen in neutral zone.
9:10 of 3rd period - Minor Penalty to Justin Faulk for Holding.
9:11 of 3rd period - Ryan Johansen wins face-off versus Elias Lindholm in Flyers zone.
10:13 of 3rd period - TJ Brodie is hit by Connor McDavid and loses puck.
11:10 of 3rd period - Penalty to Justin Faulk is over, Justin Faulk is back on ice.
11:25 of 3rd period - Wrist shot by Pierre-Alexandre Parenteau.
11:25 of 3rd period - Stopped by Tristan Jarry without a rebound.
11:26 of 3rd period - Evgeni Malkin wins face-off versus Nico Hischier in Flyers zone.
11:26 of 3rd period - Evgeni Malkin is hit by Zbynek Michalek.
11:42 of 3rd period - Patrick Kane is hit by Marco Scandella and loses puck.
12:27 of 3rd period - Wrist shot by Sonny Milano.
12:27 of 3rd period - Stopped by Tristan Jarry without a rebound.
12:28 of 3rd period - Vincent Trocheck wins face-off versus Ryan Johansen in Flyers zone.
12:55 of 3rd period - Mikael Backlund is hit by Casey Cizikas and loses puck.
13:55 of 3rd period - Minor Penalty to Vince Dunn for Boarding.
13:56 of 3rd period - Evgeni Malkin wins face-off versus Connor McDavid in Oilers zone.
14:33 of 3rd period - Snap shot by Vincent Trocheck.
14:33 of 3rd period - Shot Misses the Net.
14:52 of 3rd period - Icing by Filip Forsberg.
14:53 of 3rd period - Evgeni Malkin wins face-off versus Pierre-Alexandre Parenteau in Flyers zone.
14:57 of 3rd period - Off-side.
14:58 of 3rd period - Evgeni Malkin wins face-off versus Connor McDavid in neutral zone.
15:11 of 3rd period - Wrist shot by Patrick Kane.
15:11 of 3rd period - Shot Misses the Net.
15:13 of 3rd period - Slapshot by P.K. Subban.
15:13 of 3rd period - Shot Blocked by Aaron Ekblad.
15:55 of 3rd period - Penalty to Vince Dunn is over, Vince Dunn is back on ice.
16:15 of 3rd period - Off-side.
16:16 of 3rd period - Mikael Backlund wins face-off versus Vincent Trocheck in neutral zone.
16:27 of 3rd period - Snap shot by Mikael Backlund.
16:27 of 3rd period - Stopped by Tristan Jarry without a rebound.
16:28 of 3rd period - Casey Cizikas wins face-off versus Vernon Fiddler in Flyers zone.
16:33 of 3rd period - Zbynek Michalek is hit by P.K. Subban and loses puck.
17:45 of 3rd period - Snap shot by Ryan Johansen.
17:45 of 3rd period - Stopped by Tristan Jarry with a rebound.
17:59 of 3rd period - Snap shot by Calle Jarnkrok.
17:59 of 3rd period - Shot Blocked by Aaron Ekblad.
18:01 of 3rd period - Slapshot by Justin Faulk.
18:01 of 3rd period - Shot Misses the Net.
18:03 of 3rd period - Slapshot by Calle Jarnkrok.
18:03 of 3rd period - Shot Hit the Post.
18:05 of 3rd period - Slapshot by Brandon Carlo.
18:05 of 3rd period - Stopped by Maxime Lagace with a rebound.
18:07 of 3rd period - Snap shot by Casey Cizikas.
18:07 of 3rd period - Stopped by Maxime Lagace with a rebound.
18:37 of 3rd period - Connor McDavid is hit by Evgeni Malkin and loses puck.
18:42 of 3rd period - Snap shot by Evgeni Malkin.
18:42 of 3rd period - Shot Blocked by Aaron Ekblad.
19:14 of 3rd period - Snap shot by Calle Jarnkrok.
19:14 of 3rd period - Stopped by Maxime Lagace with a rebound.
Goals for this period are 1 for Oilers vs 1 for Flyers.
Shots for this period are 9 for Oilers vs 11 for Flyers.